 Dungeon Crawl Stone Soup version 0.21.1-1-g345015f (webtiles) character file.

18440 Hebeh the Cleaver (level 12, -40/110 HPs)
             Began as a Deep Dwarf Fighter on June 17, 2018.
             Was a High Priest of Makhleb.
             Annihilated by a titanic slime creature (87 damage)
             ... on level 12 of the Dungeon.
             The game lasted 00:49:23 (8836 turns).

Hebeh the Cleaver (Deep Dwarf Fighter)              Turns: 8836, Time: 00:49:24

Health: -40/110    AC: 21    Str: 31    XL:     12   Next: 27%
Magic:  14/14      EV:  9    Int:  9    God:    Makhleb [*****.]
Gold:   1166       SH: 14    Dex: 12    Spells: 11/11 levels left

rFire    . . .     SeeInvis .   e - +8 broad axe "Zublasm" {chop, Str+6}
rCold    . . .     Gourm    .   c - +1 shield
rNeg     + + +     Faith    .   p - +0 plate armour
rPois    .         Spirit   .   (no helmet)
rElec    .         Reflect  .   (no cloak)
rCorr    .         Harm     .   D - +1 pair of gloves of Inference {rN+++ MR- MP+9 Stlth-}
MR       +....                  (no boots)
Stlth    ..........             (no amulet)
HPRegen  0.00/turn              q - ring of protection from magic
MPRegen  0.14/turn              t - +5 ring of protection

@: non-regenerating
A: damage resistance, heal wounds, sense surroundings 2, no regeneration
a: Heal Wounds, Minor Destruction, Lesser Servant of Makhleb, Major Destruction,
Greater Servant of Makhleb, Renounce Religion


You were on level 12 of the Dungeon.
You worshipped Makhleb.
Makhleb was extremely pleased with you.
You were hungry.

You visited 2 branches of the dungeon, and saw 13 of its levels.

You collected 1166 gold pieces.

Inventory:

Hand Weapons
 e - the +8 broad axe "Zublasm" (weapon) {chop, Str+6}
   (You acquired it on level 8 of the Dungeon)

   It inflicts extra damage upon your enemies.
   It affects your strength (+6).
 h - a +2 war axe of flaming
 S - a +3 scimitar of flaming
Armour
 b - a +1 ring mail of cold resistance
 c - a +1 shield (worn)
 p - a +0 plate armour (worn)
 D - the +1 pair of gloves of Inference (worn) {rN+++ MR- MP+9 Stlth-}
   (You found it on level 6 of the Dungeon)

   It renders you almost immune to negative energy.
   It affects your resistance to hostile enchantments.
   It affects your magic capacity (+9).
   It makes you less stealthy.
Jewellery
 q - a ring of protection from magic (left hand)
 r - an uncursed ring of fire
 t - a +5 ring of protection (right hand)
 u - a +2 ring of dexterity
 v - an uncursed ring of protection from magic
 L - a cursed ring of teleportation
 P - an uncursed ring of positive energy
Wands
 a - a wand of enslavement (5)
 y - a wand of flame (62)
 G - a wand of paralysis (15)
 K - a wand of polymorph (28)
 N - a wand of iceblast (8)
Scrolls
 i - 11 scrolls of remove curse
 k - 6 scrolls of teleportation
 w - 4 scrolls of enchant armour
 B - 2 scrolls of amnesia
 F - 2 scrolls of enchant weapon
 I - a scroll of magic mapping {unknown}
 Q - a scroll of vulnerability
Potions
 d - 2 potions of might
 g - 2 potions of curing {unknown}
 j - 3 potions of degeneration {unknown}
 l - 4 potions of invisibility
 m - 3 potions of heal wounds {unknown}
 n - a potion of ambrosia {unknown}
 o - 2 potions of lignification {unknown}
 s - 3 potions of agility
 x - 2 potions of cancellation {unknown}
 E - 3 potions of brilliance {unknown}
 M - a potion of berserk rage {unknown}
 O - a potion of haste {unknown}
 R - a potion of resistance {unknown}
Books
 z - a book of Flames

   Spells                             Type                      Level
   a - Flame Tongue                   Conjuration/Fire             1
   b - Throw Flame                    Conjuration/Fire             2
   c - Conjure Flame                  Conjuration/Fire             3
   d - Inner Flame                    Hexes/Fire                   3
   e - Sticky Flame                   Conjuration/Fire             4
   f - Fireball                       Conjuration/Fire             5
 H - a book of Cantrips

   Spells                             Type                      Level
   a - Confusing Touch                Hexes                        1
   b - Animate Skeleton               Necromancy                   1
   c - Summon Small Mammal            Summoning                    1
   d - Apportation                    Translocation                1
 J - a book of Frost

   Spells                             Type                      Level
   a - Freeze                         Ice                          1
   b - Throw Frost                    Conjuration/Ice              2
   c - Ozocubu's Armour               Charms/Ice                   3
   d - Throw Icicle                   Conjuration/Ice              4
   e - Summon Ice Beast               Ice/Summoning                4
Comestibles
 f - 20 rations
 A - a chunk of flesh


   Skills:
 + Level 7.9 Fighting
 * Level 14.8 Axes
 + Level 8.8 Armour
 - Level 3.9 Dodging
 - Level 2.0 Stealth
 + Level 10.4 Shields
 + Level 0.7 Invocations
 + Level 0.6 Evocations


You had 11 spell levels left.
You didn't know any spells.

Dungeon Overview and Level Annotations

Branches:
Dungeon (12/15)            Temple (1/1) D:5            Lair (0/6) D:8
    Orc (0/2) D:9

Altars:
Ashenzari
Cheibriados
Dithmenos
Elyvilon
Fedhas
Hepliaklqana
Makhleb
Nemelex Xobeh
Okawaru
Qazlal
Ru
Sif Muna
Trog
Uskayaw
Vehumet
Yredelemnul
Zin
The Shining One
Beogh

Shops:
D:4 [}(   D:6 }   D:8 :

Annotations:
D:11 2 runed doors


Innate Abilities, Weirdness & Mutations

You are resistant to damage.
You can heal yourself by infusing magical energy.
You passively map the area around you.
You do not regenerate.


Message History

You slash the titanic slime creature!
The titanic slime creature is lightly wounded.
You block the titanic slime creature's attack.
You slice the titanic slime creature!!
The titanic slime creature is lightly wounded.
You block the titanic slime creature's attack.
You slice the titanic slime creature!!
The titanic slime creature is moderately wounded.
The titanic slime creature hits you!!!
You hit the titanic slime creature.
The titanic slime creature is moderately wounded.
The titanic slime creature hits you!!!
* * * LOW HITPOINT WARNING * * *
You are too injured to fight recklessly!
You are too injured to fight recklessly!
You are too injured to fight recklessly!
Your magical essence is drained by the effort!
You feel much better. The titanic slime creature hits you!!!!
Ouch! That really hurt!
You die...

##.# #†).....## #%#.#* #
#..# #######.#* #.# ## ,
* * #.## #.#,#%# , ,
###.#### #.##%# .......#
#...# ,*, ,*
.......#########..###, ,,
....................####,
, *
.......#########........
,,* * .......# #@####...
######## #J# , , * .J. ,
..... ,, * * *, #..$..#*
** * #######


You could see a titanic slime creature and a slime creature.

Vanquished Creatures
  Azrael (D:11)
  A centaur warrior (D:10)
  2 two-headed ogres
  The ghost of Statics the Basher, a novice GrFi of Okawaru (D:11)
  3 ugly things
  2 kobold demonologists (D:11)
  3 trolls
  A queen bee (D:12)
  Prince Ribbit (D:7)
  5 hippogriffs
  A wyvern (D:10)
  3 fire elementals
  16 yaks
  7 humans (D:11)
  A steam dragon (D:11)
  A hungry ghost (D:7)
  4 vampire mosquitoes (D:12)
  Menkaure (D:6)
  3 hell hounds (D:12)
  2 water moccasins
  5 orc warriors
  2 sky beasts
  An eye of draining (D:11)
  4 ice beasts
  3 phantoms
  6 ogres
  3 centaurs
  3 big kobolds
  4 bullfrogs
  2 water moccasin zombies
  6 scorpions
  22 killer bees
  3 wights (D:8)
  2 crimson imps
  3 howler monkeys
  2 centaur skeletons
  2 bullfrog zombies (D:11)
  15 hounds
  A quasit (D:6)
  A gnoll shaman (D:4)
  2 jellies
  5 orc priests
  A bullfrog skeleton (D:5)
  8 orc wizards
  Ijyb (D:11)
  7 worker ants
  A hound zombie (D:8)
  5 gnolls (D:4)
  12 adders
  5 worms
  2 dart slugs (D:4)
  5 leopard geckos
  50 orcs
  6 giant cockroaches
  5 goblins
  12 hobgoblins
  21 jackals
  21 kobolds
  8 quokkas
  15 bats
  8 frilled lizards
  5 rats
  2 fungi (D:4)
356 creatures vanquished.

Vanquished Creatures (others)
  A yak (D:12)
  A wyvern skeleton (D:12)
  6 fungi (D:4)
8 creatures vanquished.

Grand Total: 364 creatures vanquished

Notes
Turn   | Place    | Note
-------+----------+-------------------------------------------
     0 | D:1      | Hebeh the Deep Dwarf Fighter began the quest for the Orb.
     0 | D:1      | Reached XP level 1. HP: 20/20 MP: 1/1
   120 | D:1      | Reached XP level 2. HP: 24/27 MP: 2/2
   675 | D:2      | Reached XP level 3. HP: 28/34 MP: 3/3
   778 | D:2      | Found a faded altar of an unknown god.
  1068 | D:2      | Reached skill level 3 in Axes
  1632 | D:3      | Reached XP level 4. HP: 26/42 MP: 4/4
  2140 | D:3      | Reached skill level 4 in Axes
  2155 | D:3      | Reached skill level 1 in Stealth
  2155 | D:3      | Reached XP level 5. HP: 18/49 MP: 5/5
  2622 | D:4      | Noticed an ogre
  2655 | D:4      | Killed an ogre
  2655 | D:4      | Reached XP level 6. HP: 29/56 MP: 6/6
  2673 | D:4      | Reached skill level 5 in Axes
  2973 | D:4      | Found Rarilet's Gadget Shoppe.
  3120 | D:4      | Reached XP level 7. HP: 59/63 MP: 7/7
  3134 | D:4      | Found Moduschaduh's Antique Weapon Shoppe.
  3152 | D:4      | Found an iron altar of Okawaru.
  3240 | D:4      | Reached skill level 6 in Axes
  3260 | D:4      | Found Xunopety's Antique Armour Boutique.
  3558 | D:4      | Reached skill level 5 in Shields
  3600 | D:4      | Reached skill level 5 in Armour
  3759 | D:5      | Entered Level 5 of the Dungeon
  3768 | D:5      | Found a staircase to the Ecumenical Temple.
  3779 | Temple   | Entered the Ecumenical Temple
  3920 | Temple   | Became a worshipper of Makhleb the Destroyer
  3963 | D:5      | Reached skill level 1 in Dodging
  4051 | D:5      | Reached skill level 7 in Axes
  4208 | D:5      | Reached XP level 8. HP: 72/72 MP: 7/7
  4284 | D:5      | Reached * piety under Makhleb
  4725 | D:6      | Reached skill level 8 in Axes
  4799 | D:6      | Noticed a hippogriff
  4806 | D:6      | Killed a hippogriff
  4862 | D:6      | Noticed Menkaure
  4866 | D:6      | Killed Menkaure
  5034 | D:6      | Got a pair of translucent gloves
  5045 | D:6      | Identified the +1 pair of gloves of Inference {rN+++ MR- MP+9 Stlth-} (You found it on level 6 of the Dungeon)
  5079 | D:6      | Found Dakhleg's Gadget Emporium.
  5130 | D:7      | Reached skill level 9 in Axes
  5140 | D:7      | Gained mutation: You passively map the area around you. [Deep Dwarf growth]
  5140 | D:7      | Reached XP level 9. HP: 49/79 MP: 7/7
  5179 | D:7      | Reached ** piety under Makhleb
  5249 | D:7      | Noticed Prince Ribbit
  5267 | D:7      | Killed Prince Ribbit
  5360 | D:7      | Reached skill level 10 in Axes
  5364 | D:7      | Reached skill level 5 in Fighting
  5802 | D:8      | Found Esairu's Book Emporium.
  5847 | D:8      | Noticed a two-headed ogre
  5859 | D:8      | Killed a two-headed ogre
  5859 | D:8      | Reached XP level 10. HP: 73/90 MP: 8/8
  6047 | D:8      | Found a staircase to the Lair.
  6132 | D:8      | Reached skill level 11 in Axes
  6244 | D:8      | Identified 2 scrolls of acquirement
  6250 | D:8      | Got an ichor-stained broad axe
  6251 | D:8      | Identified the +8 broad axe "Zublasm" {chop, Str+6} (You acquired it on level 8 of the Dungeon)
  6342 | D:9      | Found a blossoming altar of Fedhas.
  6369 | D:9      | Found a roughly hewn altar of Beogh.
  6369 | D:9      | Found a staircase to the Orcish Mines.
  6377 | D:9      | Reached *** piety under Makhleb
  6876 | D:10     | Entered Level 10 of the Dungeon
  6971 | D:10     | Reached skill level 12 in Axes
  7006 | D:10     | Noticed a centaur warrior
  7015 | D:10     | Killed a centaur warrior
  7680 | D:11     | Reached XP level 11. HP: 99/99 MP: 8/8
  7685 | D:11     | Reached **** piety under Makhleb
  7719 | D:11     | Found a runed door.
  7777 | D:11     | Reached skill level 13 in Axes
  7851 | D:11     | Noticed a cyan ugly thing
  7868 | D:11     | Killed a cyan ugly thing
  8073 | D:11     | Noticed a green ugly thing
  8088 | D:11     | Killed a green ugly thing
  8098 | D:11     | Found a runed door.
  8123 | D:11     | Found a runed door.
  8244 | D:11     | Noticed Statics's ghost (novice GrFi)
  8267 | D:11     | Killed Statics's ghost
  8321 | D:11     | Found a runed door.
  8331 | D:11     | Noticed Ijyb
  8377 | D:11     | Killed Ijyb
  8400 | D:11     | Found a runed door.
  8433 | D:11     | Found a runed door.
  8489 | D:11     | Found a runed door.
  8516 | D:12     | Reached skill level 10 in Shields
  8527 | D:12     | Noticed Azrael
  8562 | D:12     | Noticed a two-headed ogre
  8573 | D:11     | Noticed a soul eater
  8573 | D:11     | Killed a two-headed ogre
  8573 | D:11     | Reached skill level 14 in Axes
  8575 | D:11     | Reached ***** piety under Makhleb
  8603 | D:11     | Noticed a sun demon
  8619 | D:12     | Reached XP level 12. HP: 110/110 MP: 9/9
  8724 | D:11     | Killed Azrael
  8836 | D:12     | Annihilated by a titanic slime creature

Skill      XL: |  1  2  3  4  5  6  7  8  9 10 11 |
---------------+----------------------------------+-----
Fighting       | 3 4 5 6 7 |  7.9
Axes           | 3 4 5 7 9 10 12 14 | 14.8
Shields        | 4 5 6 7 8 10 | 10.4
Armour         | 4 5 6 7 8 |  8.8
Stealth        | 1 2 |  2.0
Dodging        | 1 2 3 |  3.9
Invocations    | |  0.7
Evocations     | |  0.6

Action                   |  1- 3 |  4- 6 |  7- 9 | 10-12 || total
-------------------------+-------+-------+-------+-------++-------
Melee: War axe           |   125 |   213 |   346 |    31 ||   715
       Broad axe         |       |       |       |   407 ||   407
 Abil: Heal Wounds       |       |     5 |     4 |    10 ||    19
  Use: Scroll            |     1 |     6 |     3 |    11 ||    21
 Stab: Held in net/web   |       |       |     3 |       ||     3
  Eat: Chunk             |     2 |     6 |     6 |    10 ||    24
       Ration            |       |       |     1 |       ||     1
Armor: Scale mail        |    31 |       |       |       ||    31
       Plate armour      |    40 |   130 |   175 |   206 ||   551
Dodge: Dodged            |    30 |    32 |    65 |   123 ||   250
Block: Shield            |    70 |   112 |   172 |   256 ||   610
